 Dungeon Crawl Stone Soup version 0.28.0-43-g3370ac3207 (webtiles) character file.

Game seed: 11458306136849115055

2332 tizbic2 the Skirmisher (level 9, -1/102 HPs)
             Began as a Djinni Necromancer on Mar 27, 2022.
             Was a Priest of Uskayaw.
             Slain by a wight
             ... wielding a +2 halberd
              (8 damage)
             ... on level 7 of the Dungeon.
             The game lasted 00:35:13 (8495 turns).

tizbic2 the Skirmisher (Djinni Necromancer)         Turns: 8495, Time: 00:35:13

Health: -1/102     AC: 28    Str: 11    XL:     9   Next: 70%
Gold:   396        EV:  2    Int: 18    God:    Uskayaw [***...] SH:  5 Dex: 15

rFire   . . .      SeeInvis .   v - +8 flail of Iloeweno {freeze, rN+ Dex+2}
rCold   . . .      Faith    .   (no shield)
rNeg    + + .      Spirit   .   (armour currently unavailable)
rPois   ∞          Reflect  +   (helmet currently unavailable)
rElec   .          Harm     .   (cloak currently unavailable)
rCorr   .          Rampage  .   (gloves currently unavailable)
Will    .....      NoTele   +   (boots unavailable)
Stlth   ++........              u - amulet of reflection
HPRegen 0.27/turn               d - +4 ring of protection
MPRegen 0.00/turn               C - ring of positive energy

@: tree-form
A: stationary, stasis, torment immunity, boosted hp, sickness immunity, (fire
resistance 2), (cold vulnerability 1), float, innate caster, HP casting, extra
vitality 1
a: Renounce Religion, Stomp, Line Pass


You were on level 7 of the Dungeon.
You worshipped Uskayaw.
Uskayaw was noncommittal.
You were a tree.
You visited 2 branches of the dungeon, and saw 8 of its levels.

You collected 398 gold pieces.
You spent 2 gold pieces at shops.

Inventory:

Hand Weapons
 a - the +8 battleaxe of Ygomac {elec, rElec rPois Int-2}
   (You found it on level 4 of the Dungeon)

   It occasionally discharges a powerful burst of electricity upon striking a
   foe.
   Int:       It affects your intelligence (-2).
   rElec:     It insulates you from electricity.
   rPois:     It protects you from poison.
 v - the +8 flail of Iloeweno (weapon) {freeze, rN+ Dex+2}
   (You found it on level 6 of the Dungeon)

   It freezes those it strikes, dealing additional cold damage.
   It can also slow down cold-blooded creatures.
   Dex:       It affects your dexterity (+2).
   rN:        It protects you from negative energy.
 w - the +3 arbalest of Amorality {vorpal, rF+}
   (You acquired it on level 5 of the Dungeon)

   Any ammunition fired from it inflicts extra damage upon your enemies.
   rF:        It protects you from fire.
 x - a +3 dagger
 B - a +1 halberd of flaming
 F - the +8 long sword of Circularity {vorpal, rN++ SInv Stlth+}
   (You took it off a centaur on level 6 of the Dungeon)

   It inflicts extra damage upon your enemies.
   rN:        It greatly protects you from negative energy.
   SInv:      It lets you see invisible.
   Stlth:     It makes you more stealthy.
Missiles
 h - 123 stones
 i - 37 bolts
 k - 2 throwing nets (quivered)
 r - 6 atropa-tipped darts
 y - 3 poisoned darts
Armour
 b - a +0 plate armour
 g - a +2 leather armour (melded)
 t - a +0 cloak (melded)
 E - a +1 pair of gloves (melded)
Jewellery
 d - a +4 ring of protection (left branch)
 u - an amulet of reflection (around neck)
 C - a ring of positive energy (right branch)
Wands
 q - a wand of mindburst (12)
Scrolls
 s - a scroll of noise {unknown}
 A - a scroll of teleportation
 G - 3 scrolls of identify {unknown}
 H - a scroll of brand weapon {unknown}
 I - a scroll of fear {unknown}
Potions
 e - a potion of brilliance {unknown}
 f - a potion of ambrosia {unknown}
 j - 3 potions of curing {unknown}
 l - 2 potions of might {unknown}
 m - 2 potions of lignification
 n - a potion of mutation {unknown}
 o - a potion of degeneration {unknown}
 p - a potion of attraction {unknown}
 z - a potion of haste {unknown}


   Skills:
 + Level 7.5 Fighting
 - Level 2.6 Axes
 + Level 0.5(1.7) Maces & Flails
 - Level 0.9 Bows
 * Level 3.3 Crossbows
 - Level 3.2 Armour
 - Level 2.1 Dodging
 - Level 1.5 Stealth
 - Level 5.1 Spellcasting
 * Level 4.2 Invocations


You couldn't memorise any spells.
You knew the following spells:

 Your Spells              Type           Power      Damage    Failure   Level
a - Pain                  Necr           92%        1d8       1%          1
b - Animate Skeleton      Necr           46%        N/A       1%          1
c - Vampiric Draining     Necr           23%        2d7       4%          3
d - Animate Dead          Necr           11%        N/A       16%         4
e - Agony                 Necr           23%        N/A       41%         5
f - Summon Small Mammal   Summ           92%        N/A       1%          1
g - Ensorcelled Hibernat  Hex/Ice        46%        N/A       2%          2
h - Spider Form           Tmut/Pois      23%        N/A       4%          3
i - Swiftness             Air            23%        N/A       4%          3
Your spell library was empty.

Dungeon Overview and Level Annotations

Branches:
Dungeon (7/15)             Temple (1/1) D:5

Altars:
Ashenzari
Cheibriados
Dithmenos
Elyvilon
Fedhas
Gozag
Hepliaklqana
Kikubaaqudgha
Nemelex Xobeh
Sif Muna
Trog
Uskayaw
Vehumet
Wu Jian
Xom
Zin
The Shining One

Shops:
D:6 *

Annotations:
D:7 Dowan, Harold


Innate Abilities, Weirdness & Mutations

You are a tree.
Your roots penetrate the ground, keeping you stationary.
You cannot be teleported.
You are immune to unholy pain and torment.
Your maximum health is greatly increased.
Your equipment is partially melded.
You are immune to sickness and miasma.
You are immune to poison.
((Your flesh is very heat resistant. (rF++)))
((You are vulnerable to cold. (rC-)))
You float through the air rather than walking.
You learn spells naturally, not from books.
Your magical power is your life essence.
You have superior vitality. (+4 MHP)


Message History

You kill Duvessa!
Dowan seems to find hidden reserves of power!
The wyvern is no longer paralysed.
Dowan is no longer paralysed.
Dowan says, "Her death will not be in vain!"
Dowan mumbles some strange words.
Dowan blinks!
Dowan casts a spell.
Dowan blinks!
Uskayaw will force your foes to share their pain.
You barely miss the wyvern. The wyvern completely misses you.
The wyvern bites you.
You barely miss the wyvern. You block the wyvern's attack.
The wyvern bites you!
You hit the wyvern but do no damage. The wyvern bites you!
* * * LOW HITPOINT WARNING * * *
Dowan mumbles some strange words.
Dowan blinks!
The wyvern bites you.
* * * LOW HITPOINT WARNING * * *
An orc wizard comes into view. It is wielding a +2 dagger of draining.
The orc wizard casts a spell.
The orc wizard flickers and vanishes!
Deactivating autopickup; reactivate with Ctrl-A.
The wyvern bites you!
* * * LOW HITPOINT WARNING * * *
Okay, then.
It was a potion of lignification.
You turn into a tree.
Your +0 cloak melds into your body.
Your +1 pair of gloves melds into your body.
Your +2 leather armour melds into your body.
Your roots penetrate the ground.
You block the wyvern's attack.
Casting: Swiftness (mildly dangerous; 4% risk of failure)
Confirm with . or Enter, or press ? or * to list all spells.
Aiming: Vampiric Draining (mildly dangerous; 4% risk of failure)
Press: ? - help, Shift-Dir - straight line, f - wyvern
Aim: a wyvern You draw life force from the wyvern!
You feel life coursing into your body.
* * * LOW HITPOINT WARNING * * *
The wyvern bites you but does no damage. x2
The wight hits you from afar with a +2 halberd!
You die...

....# #
...# ##
#...# ##.
e...##
#..
#.....#
...
##.(.....
... ##)z#
#..
##.l##
##. #.♣##
#. #.##
#. #.# #
#.# .#
#.## ..#
#..# #..#
#..# #.
#..# #..#
#.# #..##
#..##


You could see a wyvern, Dowan (fast) and a wight.

Vanquished Creatures
  Grinder (D:3)
  A steam dragon (D:7)
  Duvessa (D:7)
  A water moccasin (D:5)
  2 black bears
  An ice beast (D:5)
  An ogre (D:5)
  2 necrophages (D:6)
  A centaur (D:6)
  3 phantoms
  A bullfrog (D:4)
  3 scorpions
  A water moccasin skeleton (D:5)
  3 wights (D:6)
  A howler monkey (D:4)
  3 hounds
  2 jellies
  Crazy Yiuf (D:6)
  An orc priest (D:5)
  A centaur skeleton (D:5)
  3 iguanas
  An orc wizard (D:5)
  A hound skeleton (D:5)
  4 gnolls
  4 adders
  2 ufetubi (D:6)
  2 worms
  5 orcs
  8 ball pythons
  7 endoplasms
  3 goblins
  6 hobgoblins
  4 jackals (D:1)
  6 kobolds
  2 bats
  3 frilled lizards
  3 rats (D:1)
95 creatures vanquished.

Vanquished Creatures (collateral kills)
  A hound skeleton (D:3)
  A goblin (D:2)
  A rat (D:2)
3 creatures vanquished.

Vanquished Creatures (others)
  3 fungi (D:6)
3 creatures vanquished.

Grand Total: 101 creatures vanquished

Notes
Turn   | Place    | Note
-------+----------+-------------------------------------------
     0 | D:1      | tizbic2 the Djinni Necromancer began the quest for the Orb.
     0 | D:1      | Reached XP level 1. HP: 15/15 MP: 0/0
     0 | D:1      | Noticed a naga
     3 | D:1      | Noticed a ghoul
    12 | D:1      | Noticed an octopode
    17 | D:1      | Noticed a barachi
    17 | D:1      | Noticed a ghoul
   281 | D:1      | Reached skill level 1 in Fighting
   403 | D:1      | Reached XP level 2. HP: 8/22 MP: 0/0
  1144 | D:1      | Found a faded altar of an unknown god.
  1331 | D:1      | Reached XP level 3. HP: 5/28 MP: 0/0
  1331 | D:1      | Learned a level 1 spell: Summon Small Mammal
  1666 | D:1      | Reached skill level 2 in Fighting
  2949 | D:2      | Noticed a black bear
  3125 | D:2      | Killed a black bear
  3126 | D:2      | Reached skill level 3 in Fighting
  3126 | D:2      | Reached XP level 4. HP: 18/37 MP: 0/0
  3126 | D:2      | Reached XP level 5. HP: 20/41 MP: 0/0
  3126 | D:2      | Learned a level 2 spell: Ensorcelled Hibernation
  3517 | D:2      | Reached skill level 4 in Fighting
  3884 | D:3      | Reached XP level 6. HP: 43/47 MP: 0/0
  3949 | D:3      | Noticed Grinder
  3956 | D:3      | Paralysed by Grinder for 7 turns
  3979 | D:3      | Paralysed by Grinder for 4 turns
  4206 | D:3      | Killed Grinder
  4207 | D:3      | Reached skill level 5 in Fighting
  4207 | D:3      | Reached XP level 7. HP: 40/54 MP: 0/0
  4207 | D:3      | Learned a level 3 spell: Spider Form
  4413 | D:3      | Found a hazy altar of Hepliaklqana.
  4413 | D:3      | Found a shadowy altar of Dithmenos.
  4415 | D:3      | Noticed a shadow
  4602 | D:4      | Found a broken altar of Ashenzari.
  4630 | D:4      | Reached skill level 6 in Fighting
  5024 | D:4      | Identified the +8 battleaxe of Ygomac {elec, rElec rPois
                  | Int-2}
  5106 | D:4      | Reached skill level 1 in Armour
  5106 | D:4      | Reached XP level 8. HP: 62/62 MP: 0/0
  5109 | D:4      | Reached skill level 1 in Axes
  5189 | D:4      | You are sucked into a shaft and drop 3 floors!
  5255 | D:6      | Found a runed translucent door.
  5256 | D:6      | Noticed Crazy Yiuf
  5264 | D:6      | Killed Crazy Yiuf
  5415 | D:6      | Identified the +8 flail of Iloeweno {freeze, rN+ Dex+2}
  5470 | D:6      | Found Maaderr's Lightly-Used Armoury.
  5478 | D:6      | Bought a -1 longbow for 1 gold piece
  5478 | D:6      | Bought a -3 fustibalus for 1 gold piece
  5495 | D:5      | Entered Level 5 of the Dungeon
  5522 | D:5      | Reached skill level 5 in Spellcasting
  6298 | D:5      | Found a staircase to the Ecumenical Temple.
  6327 | Temple   | Entered the Ecumenical Temple
  6589 | Temple   | Became a worshipper of Uskayaw the Reveller
  6642 | D:5      | Reached * piety under Uskayaw
  6666 | D:5      | Found an opulent altar of Gozag.
  6673 | D:5      | Reached ** piety under Uskayaw
  6676 | D:5      | Reached *** piety under Uskayaw
  6804 | D:5      | Identified a scroll of acquirement
  6804 | D:5      | Acquired the +3 arbalest of Amorality {vorpal, rF+}
  6925 | D:5      | Reached skill level 1 in Invocations
  7004 | D:5      | Found a snail-covered altar of Cheibriados.
  7058 | D:5      | Reached XP level 9. HP: 67/67 MP: 0/0
  7058 | D:5      | Learned a level 3 spell: Swiftness
  7101 | D:5      | Reached skill level 7 in Fighting
  7101 | D:5      | Reached skill level 1 in Crossbows
  7410 | D:6      | Identified the +8 long sword of Circularity {vorpal, rN++
                  | SInv Stlth+}
  8165 | D:7      | Noticed Harold
  8178 | D:6      | Reached **** piety under Uskayaw
  8460 | D:7      | Found a white marble altar of Elyvilon.
  8480 | D:7      | Noticed Duvessa
  8481 | D:7      | Noticed Dowan
  8489 | D:7      | Killed Duvessa
  8495 | D:7      | Slain by a wight

Illustrated notes

Levels and vault maps discovered:
D:1:      shiori_arrival_whats_in_store_for_you, layout_basic,
          basic_ecumenical_altar
D:2:      layout_rooms
D:3:      layout_rooms, riverfiend_overflow_shadow_ancestor, uniq_grinder
D:4:      layout_loops_ring, evilmike_ruin_ashenzari, minmay_pentangle
D:5:      layout_loops_ring, kennysheep_mini, lemuel_crystal_altar,
          minmay_temple_entry_wispy, grunt_ministairs_11
D:6:      layout_loops_ring, kennysheep_donut, hangedman_glass_teeth,
          minmay_shop_damaged, uniq_crazy_yiuf_cottage
D:7:      layout_layer_cave, elyvilon_altar_4, serial_glass, glass_columns_a,
          glass_columns_a, minmay_alternating_orb, uniq_menkaure, uniq_duvessa,
          uniq_harold
Temple:   minmay_temple_curvy_loop

Skill      XL: |  1  2  3  4  5  6  7  8  9 |
---------------+----------------------------+-----
Fighting       | 1 3 4 5 6 7 |  7.5
Spellcasting   | 4 5 |  5.1
Armour         | 1 3 |  3.2
Axes           | 2 |  2.6
Invocations    | 1 4 |  4.2
Crossbows      | 3 |  3.3
Maces & Flails | |  0.5
Bows           | |  0.9
Dodging        | |  2.1
Stealth        | |  1.5

Action                   |  1- 3 |  4- 6 |  7- 9 || total
-------------------------+-------+-------+-------++-------
Melee: Unarmed           |     9 |       |     7 ||    16
       Dagger            |    64 |    43 |    27 ||   134
       Club              |     1 |       |       ||     1
       Hand axe          |    11 |       |       ||    11
       Halberd           |       |     1 |       ||     1
       Battleaxe         |       |       |    38 ||    38
       Flail             |       |       |    75 ||    75
       Punch             |       |       |     1 ||     1
 Fire: Hunting sling     |     7 |    25 |       ||    32
       Longbow           |       |       |    14 ||    14
       Arbalest          |       |       |    16 ||    16
 Cast: Pain              |    32 |     7 |       ||    39
       Animate Skeleton  |     3 |     1 |     1 ||     5
       Vampiric Draining |     4 |     6 |     6 ||    16
       Summon Small Mamm |     2 |     6 |    13 ||    21
       Spider Form       |       |       |     1 ||     1
       Swiftness         |       |       |     1 ||     1
  Use: Scroll            |     3 |       |     4 ||     7
       Potion            |       |     2 |     1 ||     3
 Stab: Sleeping          |     2 |       |     1 ||     3
       Distracted        |       |       |     2 ||     2
       Paralysed         |       |       |     5 ||     5
Armor: Robe              |     6 |       |       ||     6
       Leather armour    |    41 |    22 |    64 ||   127
       Skin              |       |       |     4 ||     4
Dodge: Dodged            |    77 |    23 |    96 ||   196
Block: Other             |       |       |    28 ||    28
